 Dungeon Crawl Stone Soup version 0.28-a0-194-g42b4daccc1 (webtiles) character file.

Game seed: 14508807641028565512

38 freelancePsychic the Slasher (level 3, -10/31 HPs)
             Began as a Minotaur Gladiator on Aug 18, 2021.
             Mangled by Sigmund (14 damage)
             ... on level 3 of the Dungeon.
             The game lasted 00:02:26 (2098 turns).

freelancePsychic the Slasher (Minotaur Gladiator)   Turns: 2098, Time: 00:02:27

Health: -10/31     AC:  3    Str: 19    XL:     3   Next: 25%
Magic:  2/2        EV: 12    Int:  5    God:
Gold:   73         SH:  5    Dex: 11    Spells: 2/2 levels left

rFire   . . .      SeeInvis .   a - +0 long sword
rCold   . . .      Faith    .   (no shield)
rNeg    . . .      Spirit   .   b - +0 leather armour
rPois   .          Reflect  +   c - +0 hat
rElec   .          Harm     .   (no cloak)
rCorr   .          Rampage  .   (no gloves)
Will    .....                   (no boots)
Stlth   +.........              h - amulet of reflection
HPRegen 0.10/turn               (no ring)
MPRegen 0.08/turn               (no ring)

@: no status effects
A: horns 2, retaliatory headbutt
a: no special abilities


You were on level 3 of the Dungeon.
You visited 1 branch of the dungeon, and saw 3 of its levels.

You collected 73 gold pieces.

Inventory:

Hand Weapons
 a - a +0 long sword (weapon)
Armour
 b - a +0 leather armour (worn)
 c - a +0 hat (worn)
Jewellery
 h - an amulet of reflection (around neck)
Scrolls
 e - 2 scrolls of identify {@r1}
 f - a scroll of blinking


   Skills:
 + Level 3.0 Fighting
 * Level 4.5 Long Blades
 + Level 2.5 Throwing
 - Level 3.2 Dodging


You had 2 spell levels left.
You didn't know any spells.
Your spell library was empty.

Dungeon Overview and Level Annotations

Branches:
Dungeon (3/15)

Altars:

Shops:
D:1 ([[=

Annotations:
D:3 Sigmund


Innate Abilities, Weirdness & Mutations

You have a pair of horns on your head.
You reflexively headbutt those who attack you in melee.


Message History

The net rips apart, and Sigmund comes free!
Throw: 2 throwing nets
Press: ? - help, Q - select action Shift-Dir - straight line, f/p - Sigmund
Aim: Sigmund, wielding a +2 scythe of freezing and wearing a +0 robe (53% to hit)
You throw a throwing net. The throwing net barely misses Sigmund.
Throw: throwing net
Press: ? - help, Q - select action Shift-Dir - straight line, f/p - Sigmund
Aim: Sigmund, wielding a +2 scythe of freezing and wearing a +0 robe (53% to hit)
You throw a throwing net. The throwing net hits Sigmund.
Sigmund is caught in the net!
You feel yourself slow down.
You cannot move.
You cannot move.
Sigmund struggles against the net.
Sigmund struggles against the net.
You feel less wooden.
Your +0 hat unmelds from your body.
Your +0 leather armour unmelds from your body.
Sigmund points at you and mumbles some strange words.
The magic dart hits you.
* * * LOW HITPOINT WARNING * * *
Sigmund struggles against the net.
You hit Sigmund but do no damage.
Sigmund struggles against the net.
You catch the helpless Sigmund completely off-guard!
You slash Sigmund! You headbutt Sigmund, but do no damage.
Sigmund is moderately wounded.
Sigmund struggles against the net.
You slash Sigmund!
Sigmund is heavily wounded.
Sigmund struggles against the net.
The net rips apart, and Sigmund comes free!
You closely miss Sigmund. You headbutt Sigmund.
Sigmund is severely wounded.
Sigmund drinks a potion.
Sigmund is healed!
Sigmund gestures at you while chanting. You resist with significant effort.
You slash Sigmund! You headbutt Sigmund!
Sigmund is almost dead.
Sigmund hits you with a +2 scythe of freezing!
You die...

.#
#############
.#
#...@.......#
..
#.########(##
.# #.# #.# ##
#.# #.# #.#
#.# #.# #.#
#@# #@# #.#
#@# #.# #.#
#.# #.# #.#
#.# #.# #.#
#.# #.#
#.########.##
#.#.........#
#.#.#########


You could see Sigmund.

Vanquished Creatures
  2 worms (D:2)
  A dart slug (D:1)
  3 ball pythons
  A bat (D:2)
  3 endoplasms
  2 giant cockroaches
  A goblin (D:1)
  5 hobgoblins
  6 kobolds
  3 frilled lizards
  A rat (D:2)
28 creatures vanquished.

Vanquished Creatures (others)
  5 plants (D:3)
5 creatures vanquished.

Grand Total: 33 creatures vanquished

Notes
Turn   | Place    | Note
-------+----------+-------------------------------------------
     0 | D:1      | freelancePsychic the Minotaur Gladiator began the quest for
                  | the Orb.
     0 | D:1      | Reached XP level 1. HP: 18/18 MP: 0/0
    18 | D:1      | You fall into a shaft and drop 1 floor!
    83 | D:2      | Reached skill level 4 in Long Blades
    83 | D:2      | Reached XP level 2. HP: 4/25 MP: 1/1
   600 | D:1      | Found Uwykhi's Armour Emporium.
   630 | D:1      | Found Plog's Antique Armour Shop.
   662 | D:1      | Found Coynnigu's Antique Weapon Emporium.
  1215 | D:1      | Reached XP level 3. HP: 30/30 MP: 2/2
  1256 | D:1      | Found Digrit's Jewellery Boutique.
  1495 | D:2      | Found a faded altar of an unknown god.
  2013 | D:3      | Noticed Sigmund
  2098 | D:3      | Mangled by Sigmund

Illustrated notes

Levels and vault maps discovered:
D:1:      nicolae_arrival_washed_ashore, layout_basic, serial_shops,
          nicolae_shop_waterfront, shop,
          nicolae_shop_temple_entry_statues_fountains, nicolae_shop_waterfront
D:2:      layout_basic, shapermc_ecumenical_altar_mp_vishouse
D:3:      layout_basic, mainiacjoe_overflow_catwalk, serial_shops, shop,
          serial_bayou_pond_a, uniq_sigmund

Skill      XL: |  1  2  3 |
---------------+----------+-----
Long Blades    | 4 |  4.5
Fighting       | 3 |  3.0
Throwing       | |  2.5
Dodging        | |  3.2

Action                   || total
-------------------------++-------
Melee: Long sword        ||    58
       Headbutt          ||    10
Throw: Throwing net      ||     3
  Use: Potion            ||     3
       Scroll            ||     1
 Stab: Sleeping          ||     1
       Held in net/web   ||     1
Armor: Leather armour    ||    10
       Skin              ||     6
Dodge: Dodged            ||    32
Block: Other             ||     7
       Reflection        ||     1
       Rpst.: Long sword ||     3

Table legend: (Time is in decaauts)
 A = Elapsed time spent in this place.
 B = Non-inter-level travel time spent in this place.
 C = Inter-level travel time spent in this place.
 D = Time resting spent in this place.
 E = Time spent auto-exploring this place.
 F = Levels seen in this place.
 G = Mean time per level.
                   A        B        C        D        E       F      G
               +--------+--------+--------+--------+--------+-----+--------+
         Total |   2100 |   1920 |    180 |      0 |   1693 |   3 |  700.0 |
       Dungeon |   2100 |   1920 |    180 |      0 |   1693 |   3 |  700.0 |
               +--------+--------+--------+--------+--------+-----+--------+

Top non-repeatable levels by time:
     D:1: 971 daAuts
     D:2: 968 daAuts
     D:3: 160 daAuts
